[Event "*** Titled Tuesday 3|2 Blitz"]
[Site "Chess.com"]
[Date "2015.04.07"]
[Round "1"]
[White "AccioChess"]
[Black "lukas_111111"]
[Result "1-0"]
[WhiteElo "2286"]
[BlackElo "2328"]
[TimeControl "180+2"]
[EndTime "11:11:39 PDT"]
[Termination "AccioChess won by resignation"]

1. e4 c5 2. Nf3 d6 3. d4 cxd4 4. Nxd4 Nf6 5. Nc3 a6 6. Bg5 e6 7. f4 Be7 8. Qf3 Nbd7 9. O-O-O Qc7 10. Bd3 h6 11. Qh3 Nb6 12. Rhe1 Rg8 13. Bh4 g5 14. fxg5 hxg5 15. Bf2 Bd7 16. Kb1 O-O-O 17. Bg1 Kb8 18. Qe3 Ng4 19. Qe2 Ne5 20. Nf3 Nxf3 21. Qxf3 Rdf8 22.
Qf2 Bd8 23. Ne2 Nc8 24. Ng3 Qa5 25. Nh5 Qe5 26. g4 Bb6 27. Qf6 Bd8 28. Qxe5 dxe5 29.
Bxa6 Bc6 30. Bd3 Ne7 31. Nf6 Rg6 32. Nh5 Rh6 33. h3 Ng6 34. Bc5 Re8 35. Bd6+ Bc7 36.
Bc5 Nf4 37. Nxf4 exf4 38. Bf1 b6 39. Bf2 Kb7 40. c4 Reh8 41. Rd3 Rd8 42. Rxd8 Bxd8 43.
Kc2 Bf6 44. e5 Be7 45. a3 Bf3 46. b4 Rh8 47. Kc3 Ra8 48. Kb2 Kc7 49. Bd3 Rh8 50. Bf1 Rd8 51. Kc3 Bf8 52. Bd4 Bg7 53. Rb1 Ra8 54.
Ra1 Rd8 55. a4 Be4 56. a5 bxa5 57. Rxa5 Ra8 58. Rxa8 Bxa8 59. b5 Be4 60. c5 Bd5 61. c6 Bf8 62. Bc4 Bg2 63. Bb3 Bxh3 64. Ba4 Bg2 65. b6+ Kb8 66. b7 Be7 67. Bb6 Bxc6 68. Bxc6 f6 69. exf6 Bxf6+ 70. Kd3 Be5 71. Ke4 Bd6 72.
Bd4 Bc7 73. Bf6 Bd6 74. Bxg5 f3 75. Kxf3 Kc7 76. Be4 Bc5 77. Bf6 Bd6 78. g5 Kb8 79. g6 1-0

[Event "*** Titled Tuesday 3|2 Blitz"]
[Site "Chess.com"]
[Date "2015.04.07"]
[Round "1"]
[White "Imre91"]
[Black "kesarev"]
[Result "1/2-1/2"]
[WhiteElo "2551"]
[BlackElo "2197"]
[TimeControl "180+2"]
[EndTime "11:12:06 PDT"]
[Termination "Game drawn by repetition"]

1. c4 Nf6 2. Nc3 c5 3. e3 g6 4. d4 Bg7 5. Nf3 O-O 6. d5 e6 7.
e4 exd5 8. exd5 d6 9. Be2 Re8 10. O-O Ne4 11. Nxe4 Rxe4 12. Bd3 Re8 13. h3 Nd7 14.
Qc2 Ne5 15. Nxe5 Bxe5 16. Be3 Qf6 17. Rab1 Bd7 18. b3 Bd4 19. Bxd4 Qxd4 20. Rbd1 Qg7 21.
Rde1 Re5 22. Re2 Rae8 23. Rfe1 Qf6 24. f3 Kg7 25. Kf1 h5 26. Rxe5 Rxe5 27. Rxe5 dxe5 28.
Qe2 Qf4 29. Kf2 f5 30. Qe3 Qd4 31. g3 Qb2+ 32. Be2 b6 33. a4 h4 34. g4 f4 35. Qd3 Kf6 36. Ke1 Qa1+ 37. Bd1 Qd4 38. Bc2 Qg1+ 39. Kd2 Qd4 40. Kc1 Qxd3 41. Bxd3 g5 42. Be4 a5 43. Kc2 Ke7 44. Kd3 Kf6 45. Bh7 Ke7 46. Bg6 Kf6 47. Be4 Ke7 48. Bg6 Kf6 49.
Bh7 Ke7 50. Kd2 Kf6 51. Ke2 e4 52. Bxe4 Ke5 53. Kd3 Be8 54. Bf5 Bf7 55. d6 Kxd6 56.
Ke4 Ke7 57. Ke5 Be8 58. Be4 Bd7 59. Bb7 Be6 60. Bc6 Bc8 61. Be4 Be6 62. Ba8 Bc8 63. Bd5 Bd7 64. Ba8 Bc8 65. Bc6 Be6 66. Be4 Bc8 67.
Bd5 Bd7 68. Ba8 Be6 69. Be4 Bc8 70. Kd5 Bb7+ 71. Ke5 Bxe4 72. Kxe4 Ke6 73. Kd3 Ke5 74. Kc3 Kd6 75. Kd2 Ke6 76. Ke2 Kd6 77. Kd3 Ke5 78.
Kc2 Kd6 79. Kd1 Ke5 80. Ke2 Ke6 81. Kd2 Kd6 82. Kc3 Ke6 83. Kd3 Ke5 84. Kc2 Kd6 85.
Kd1 Ke6 86. Ke1 Ke5 87. Ke2 Ke6 88. Kd2 Kd6 89. Kc2 Ke6 90. Kd2 Kd6 91. Kd3 Ke5 92. Kc3 Kd6 93. Kb2 Ke6 94. Kc2 Kd6 95. Kb1 Ke6 96. Kc1 Ke5 97. Kd1 Kd6 98. Ke1 Ke5 99. Ke2 Kd6 100. Kd2 Ke6 101. Kc1 Ke5 102. Kc2 Kd6 103. Kc3 Ke6 104. Kd3 Ke5 1/2-1/2

[Event "*** Titled Tuesday 3|2 Blitz"]
[Site "Chess.com"]
[Date "2015.04.07"]
[Round "1"]
[White "pKiLz5Rn9b"]
[Black "AnastasiaProtopopova"]
[Result "1/2-1/2"]
[WhiteElo "2312"]
[BlackElo "2098"]
[TimeControl "180+2"]
[EndTime "11:12:11 PDT"]
[Termination "Game drawn by stalemate"]

1. e4 e6 2. d4 d5 3. Nd2 Nc6 4.
Ngf3 Nf6 5. e5 Nd7 6. Be2 f6 7. exf6 Qxf6 8. Nf1 Bd6 9. Ne3 O-O 10. c4 dxc4 11.
O-O Nb6 12. Nxc4 e5 13. dxe5 Nxe5 14. Ncxe5 Bxe5 15. Nxe5 Qxe5 16. Be3 Qxb2 17. Rc1 c6 18. Bc5 Re8 19. Bd3 Qf6 20. Bd4 Qf7 21. a4 Be6 22. a5 Nd5 23. a6 Rad8 24. Qa4 Nf4 25. Bc4 Rxd4 26. Bxe6 Nxe6 27. Qb3 bxa6 28. Rxc6 Rdd8 29. Rxa6 Nd4 30. Qxf7+ Kxf7 31. Rxa7+ Re7 32. Ra4 Ne6 33. g3 g6 34. h4 h5 35. Kg2 Red7 36. Re1 Rd1 37.
Re3 R1d3 38. Re1 R8d7 39. Rae4 Ng7 40. Ra4 Nf5 41. Rb1 Rd1 42. Rb6 R1d6 43. Rb5 Rd4 44. Ra6 Rd2 45. Ra4 Ne3+ 46. Kf3 Nf5 47. Kg2 Re7 48.
Rf4 Kg7 49. Rb6 Ree2 50. Rb7+ Kh6 51. Rb6 Ne3+ 52. Kg1 Re1+ 53. Kh2 Ng4+ 54. Kg2 Ree2 55. Rc6 Rxf2+ 56. Rxf2 Rxf2+ 57. Kg1 Rf3 58. Kg2 Rd3 59. Ra6 Ne3+ 60. Kf2 Nf5 61. Rf6 Kg7 62. Ra6 Rxg3 63.
Ra7+ Kh6 64. Kf1 Nxh4 65. Kf2 Rf3+ 66. Kg1 Rf5 67. Kh2 Kg5 68. Kh1 Nf3 69. Kg2 h4 70. Ra4 Ne5 71. Kh2 Kh5 72. Ra8 Rf2+ 73. Kg1 Rc2 74. Kh1 g5 75. Rh8+ Kg4 76. Rf8 Nf3 77.
Rf4+ Kg3 78. Rg4+ Kh3 79. Rg3+ Kxg3 1/2-1/2

[Event "*** Titled Tuesday 3|2 Blitz"]
[Site "Chess.com"]
[Date "2015.04.07"]
[Round "1"]
[White "GMBenjaminBok"]
[Black "pedromartinez91"]
[Result "0-1"]
[WhiteElo "2424"]
[BlackElo "2172"]
[TimeControl "180+2"]
[EndTime "11:12:56 PDT"]
[Termination "pedromartinez91 won by resignation"]

1. e4 c5 2. Nf3 Nc6 3. Bb5 g6 4. Bxc6 bxc6 5. O-O Bg7 6. Re1 Nh6 7. c3 f6 8. d4 cxd4 9. cxd4 d6 10. h3 O-O 11.
Nc3 Nf7 12. Bf4 Qa5 13. Qd2 Re8 14. a3 Rb8 15. b4 Qd8 16. Qc2 a5 17. Rab1 axb4 18.
axb4 e5 19. Be3 Bd7 20. d5 f5 21. dxc6 Bxc6 22. Qa2 d5 23. exd5 Bd7 24. Bc5 Ng5 25.
Nxg5 Qxg5 26. d6+ Be6 27. Nd5 Kh8 28. Rbd1 f4 29. Qb3 Red8 30. Qf3 h5 31. Ne7 Bd7 32. Nc6 Bxc6 33. Qxc6 Qf6 34. Ra1 g5 35. Ra7 g4 36. hxg4 hxg4 37. Qd5 g3 38. fxg3 fxg3 39.
Qf7 Qh6 40. Qf3 Qh2+ 41. Kf1 Rf8 42. Rf7 Rxf7 43. Qxf7 Rf8 44. Qxf8+ Bxf8 45. d7 Qh1+ 46. Bg1 Qh4 47. Rd1 Qf4+ 48. Ke2 Qe4+ 49. Kd2 Bxb4+ 50. Kc1 Qc4+ 51. Kb2 Qc3+ 52. Kb1 Qb3+ 53. Kc1 Qc3+ 54. Kb1 Qb3+ 55. Kc1 Qa3+ 56. Kb1 Ba5 57. d8=Q+ Bxd8 58.
Rxd8+ Kh7 59. Rd2 Qb3+ 60. Kc1 e4 61. Bd4 Kg6 62. Rc2 Qd3 63. Rd2 Qf1+ 64. Kc2 Kf5 65. Be3 Qc4+ 66. Kb2 Qb4+ 67. Kc2 Qa3 68. Bd4 Qa2+ 69.
Kd1 Qb1+ 70. Ke2 Qh1 71. Ke3 Qg1+ 72. Ke2 Qxg2+ 73. Ke1 Qh1+ 74. Ke2 g2 75. Rd1 Kf4 76. Be3+ Kg4 77. Rg1 Qh3 78. Re1 Qf3+ 79. Kd2 Qf1 80. Bg1 Qd3+ 81. Kc1 Kf3 82. Rd1 Qc3+ 83. Kb1 e3 84.
Rc1 Qb3+ 85. Ka1 e2 86. Bh2 Qd1 87. Kb2 Qxc1+ 88. Kxc1 e1=Q+ 0-1

[Event "*** Titled Tuesday 3|2 Blitz"]
[Site "Chess.com"]
[Date "2015.04.07"]
[Round "1"]
[White "AlmirDzhumaev"]
[Black "petrpalachev"]
[Result "1/2-1/2"]
[WhiteElo "2108"]
[BlackElo "2435"]
[TimeControl "180+2"]
[EndTime "11:13:28 PDT"]
[Termination "Game drawn by agreement"]

1. e4 c6 2. d4 d5 3. exd5 cxd5 4. c4 Nf6 5. Nc3 Nc6 6. Nf3 Bg4 7. Be2 e6 8. c5 Be7 9. h3 Bh5 10. Bf4 O-O 11. a3 Ne4 12. Rc1 a5 13. Na4 f5 14.
Nb6 Ra7 15. Ne5 Bxe2 16. Nxc6 Bxd1 17. Nxd8 Bxd8 18. Rxd1 Bxb6 19. cxb6 Raa8 20. f3 Nf6 21. Rc1 Rfc8 22. Kd2 Kf7 23. Rc7+ Rxc7 24. bxc7 Ke7 25.
Rc1 Rc8 26. Rc5 Ne8 27. Rxa5 Kd7 28. Rb5 Kc6 29. Rc5+ Kd7 30. Rb5 Kc6 31. Rc5+ Kd7 32. Be5 g5 33. Rb5 Kc6 34. Rc5+ Kd7 35. g4 b6 36. Rb5 fxg4 37. hxg4 Kc6 38. Rb3 Kb7 39. Re3 Kc6 40. Bg3 Kd7 41. Re1 Nxc7 42. Rh1 Nb5 43.
Rxh7+ Kc6 44. Be5 Rf8 45. a4 Nd6 46. Ke2 Ra8 47. b3 b5 48. axb5+ Nxb5 49. Re7 Ra2+ 50.
Ke3 Rb2 51. Rxe6+ Kd7 52. Rg6 Rxb3+ 53. Kf2 Rd3 54. Ke2 Ra3 55. Rxg5 Ra4 56. Ke3 Ra3+ 57. Kf2 Ra4 58. Bh8 Kd6 59. Be5+ Kd7 60. Rg7+ Ke6 61. Rg6+ Kd7 62. f4 Nxd4 63. Rd6+ Ke7 64. Rxd5 Ne6 65. Ke3 Ra3+ 66. Rd3 Ra4 67. g5 Kf7 68. Bf6 Nxf4 69. Rd7+ Ke6 70. Re7+ Kf5 71. Re5+ Kg6 72. Rc5 Ne6 73. Re5 Nf4 74. Kf3 Nh5 75. Bd8 Ng7 76. Rd5 Ne6 77. Bf6 Ra3+ 78. Ke4 Ra4+ 79. Ke3 Nf4 80. Rb5 Ne6 81. Kd3 Rg4 82. Re5 Kf7 83.
Ke3 Ra4 84. Kf3 Rc4 85. Rf5 Kg6 86. Re5 Nd4+ 87. Kg3 Nf5+ 88. Kf3 Ra4 89. Bd8 Ng7 90. Rd5 Ne6 91. Rd6 Kf5 92. Be7 Ra3+ 93. Ke2 Rb3 94.
Rd5+ Ke4 95. Rd6 Nf4+ 96. Kd2 Rb7 97. Bf6 Kf5 98. Ke3 Rb3+ 99. Kd4 Ne6+ 100. Kc4 Rg3 101. Rd5+ Kg6 102. Re5 Nxg5 103. Bd8 Nf3 104. Re6+ Kf5 105. Rf6+ Ke4 106. Bc7 Rg5 107. Rf4+ Ke3 108. Rf7 Nd2+ 109. Kb4 Rd5 110. Bb6+ Kd3 111. Re7 Ne4 112. Re6 Rd6 113. Rxd6+ Nxd6 114.
Bc5 Ne4 115. Be7 Kd4 116. Kb3 Kd5 117. Kc2 Nc5 118. Bf8 Ne6 119. Be7 Ke4 1/2-1/2

[Event "*** Titled Tuesday 3|2 Blitz"]
[Site "Chess.com"]
[Date "2015.04.07"]
[Round "2"]
[White "SmarterChess"]
[Black "DrHolmes13"]
[Result "0-1"]
[WhiteElo "2083"]
[BlackElo "2230"]
[TimeControl "180+2"]
[EndTime "11:16:39 PDT"]
[Termination "DrHolmes13 won by resignation"]

1. d4 Nf6 2. Nf3 g6 3. Nc3 d5 4. Bg5 Bg7 5. Qd2 Ne4 6. Nxe4 dxe4 7. Ne5 f6 8. Bh6 Bxh6 9. Qxh6 fxe5 10. O-O-O Qd5 11.
Qg7 Rg8 12. Qxh7 Qxa2 13. b3 Be6 14. d5 Bf7 15. e3 Nd7 16. Bb5 Qa1+ 17. Kd2 Qa5+ 18.
c3 Qxb5 0-1

[Event "*** Titled Tuesday 3|2 Blitz"]
[Site "Chess.com"]
[Date "2015.04.07"]
[Round "2"]
[White "pKiLz5Rn9b"]
[Black "AlmirDzhumaev"]
[Result "1-0"]
[WhiteElo "2316"]
[BlackElo "2103"]
[TimeControl "180+2"]
[EndTime "11:18:00 PDT"]
[Termination "pKiLz5Rn9b won by resignation"]

1. e4 e5 2. Nf3 Nc6 3. Bc4 Nf6 4. d3 Bc5 5. c3 a6 6. Nbd2 d6 7. Bb3 h6 8. h3 Be6 9. Nf1 b5 10. Ng3 g6 11. Be3 Ba7 12. a4 b4 13. a5 Rb8 14. Ba4 Bxe3 15. Bxc6+ Nd7 16. fxe3 bxc3 17. bxc3 O-O 18. Bxd7 Qxd7 19. O-O Bxh3 20. gxh3 Qxh3 21.
Qe2 Qxg3+ 22. Qg2 Qxg2+ 23. Kxg2 Rb2+ 24. Rf2 Rfb8 25. Ra3 Kg7 26. Nd2 R2b3 27. Rxb3 1-0

[Event "*** Titled Tuesday 3|2 Blitz"]
[Site "Chess.com"]
[Date "2015.04.07"]
[Round "2"]
[White "AccioChess"]
[Black "Imre91"]
[Result "0-1"]
[WhiteElo "2211"]
[BlackElo "2555"]
[TimeControl "180+2"]
[EndTime "11:20:07 PDT"]
[Termination "Imre91 won by resignation"]

1. e4 e6 2. d4 d5 3. Nc3 Nf6 4. e5 Nfd7 5. f4 c5 6. Nf3 Nc6 7. Be3 a6 8. Qd2 Be7 9. O-O-O c4 10. f5 b5 11. fxe6 fxe6 12. Ne2 b4 13. Nf4 Nf8 14. h4 Qa5 15. Kb1 c3 16. Qf2 Bd7 17. Ng5 h6 18.
Nf3 b3 19. cxb3 c2+ 20. Kxc2 Qxa2 21. Nd3 Rc8 22. Kd2 Qxb3 23. Rc1 Nh7 24. Be2 O-O 25. Qg3 Kh8 26. Rhd1 Nb4 27. Rxc8 Rxc8 28. Rc1 Rc2+ 29. Rxc2 Qxc2+ 30. Ke1 Nxd3+ 31. Kf1 Nc1 32. Bxc1 Qxc1+ 33. Kf2 Nf8 34. Nh2 Qxb2 0-1

[Event "*** Titled Tuesday 3|2 Blitz"]
[Site "Chess.com"]
[Date "2015.04.07"]
[Round "2"]
[White "Zvonokchess"]
[Black "tac49"]
[Result "1-0"]
[WhiteElo "2491"]
[BlackElo "2358"]
[TimeControl "180+2"]
[EndTime "11:20:14 PDT"]
[Termination "Zvonokchess won by resignation"]

1. e4 c5 2. d4 cxd4 3. c3 Nf6 4. e5 Nd5 5. Nf3 d6 6. exd6 Qxd6 7. Na3 Nc6 8. Nb5 Qd8 9. Nbxd4 g6 10. g3 Bg7 11.
Bg2 O-O 12. O-O Bg4 13. Nxc6 bxc6 14. Qa4 Bxf3 15. Bxf3 Qb6 16. c4 Nc7 17. Qxc6 Qxc6 18. Bxc6 Rab8 19. Rb1 Ne6 20. Be3 Bd4 21. Bxd4 Nxd4 22.
Bg2 Rfc8 23. b3 a5 24. Rbd1 e5 25. Rfe1 a4 26. Rxe5 axb3 27. axb3 Nxb3 28. Bd5 Rc7 29. Rb1 1-0

[Event "*** Titled Tuesday 3|2 Blitz"]
[Site "Chess.com"]
[Date "2015.04.07"]
[Round "2"]
[White "ilmago"]
[Black "HansCoolNiemann"]
[Result "0-1"]
[WhiteElo "1879"]
[BlackElo "1846"]
[TimeControl "180+2"]
[EndTime "11:20:19 PDT"]
[Termination "HansCoolNiemann won by resignation"]

1. e4 d5 2. exd5 Qxd5 3. d4 c6 4. Nc3 Qd6 5. Nf3 Bg4 6. Be2 Nd7 7. O-O Ngf6 8. Bg5 e6 9. Qd3 Qc7 10. Rad1 Bd6 11. h3 Bf5 12. Qd2 O-O-O 13. Rfe1 h6 14. Be3 g5 15. Ne5 Nxe5 16. dxe5 Bxe5 17. Qc1 b6 18. a4 g4 19. h4 h5 20. Bd3 Bxd3 21. Rxd3 Rxd3 22. cxd3 Nd5 23. Nxd5 cxd5 24. Qd2 Kb7 25. a5 Rc8 26. axb6 axb6 27. Qb4 Qd6 28.
Qxb6+ Qxb6 29. Bxb6 Bf6 30. Be3 Bxh4 31. Ra1 Ra8 32.
Rc1 Bf6 33. Bf4 e5 34. Bd2 Be7 35. Kf1 f5 36. Ke2 Bd6 37. Rh1 Rh8 38. Bg5 f4 39. f3 g3 40. d4 e4 41. fxe4 dxe4 42. Rf1 Rf8 43. Rh1 f3+ 44. gxf3 exf3+ 45. Ke3 g2 46. Ra1 f2 0-1

[Event "*** Titled Tuesday 3|2 Blitz"]
[Site "Chess.com"]
[Date "2015.04.07"]
[Round "2"]
[White "kharposh"]
[Black "jup1978"]
[Result "0-1"]
[WhiteElo "2037"]
[BlackElo "2153"]
[TimeControl "180+2"]
[EndTime "11:20:56 PDT"]
[Termination "jup1978 won by resignation"]

1. e4 e6 2. d4 d5 3. Nc3 Bb4 4. e5 Ne7 5. Bd3 b6 6. a3 Bxc3+ 7. bxc3 Ba6 8. Nf3 h6 9. O-O Qd7 10. Qe2 Qa4 11. Bd2 Bc4 12. Rfb1 Nbc6 13. Qe3 Na5 14. Rb4 Qc6 15. a4 O-O 16. Qf4 Bxd3 17. cxd3 Ng6 18.
Qg4 Kh7 19. h4 f5 20. exf6 Rxf6 21. h5 Ne7 22. Ne5 Qe8 23. Re1 Nac6 24. Rb2 Nxe5 25.
dxe5 Rf5 26. c4 Qxh5 27. Qxh5 Rxh5 28. g4 Rh3 29. Be3 Rf3 30. Kg2 Raf8 31. a5 Nc6 32. cxd5 Nxe5 33. dxe6 Nxd3 34. Ree2 Nxb2 35. e7 Nc4 36.
exf8=Q Rxf8 37. axb6 axb6 38. Bd4 Rf7 39. Re6 b5 40.
Rc6 Rd7 41. Bc3 Kg8 42. Kg3 Rd3+ 0-1

[Event "*** Titled Tuesday 3|2 Blitz"]
[Site "Chess.com"]
[Date "2015.04.07"]
[Round "2"]
[White "LyonBeast"]
[Black "rhungaski"]
[Result "1/2-1/2"]
[WhiteElo "2756"]
[BlackElo "2448"]
[TimeControl "180+2"]
[EndTime "11:21:07 PDT"]
[Termination "Game drawn by repetition"]

1. e4 d6 2. d4 Nf6 3. Nc3 e5 4.
Nge2 Nbd7 5. h3 h5 6. g3 c6 7.
a4 b6 8. Bg2 a6 9. O-O Bb7 10. f4 b5 11. Be3 b4 12. Nb1 c5 13.
d5 a5 14. Nd2 Ba6 15. Re1 c4 16. c3 Rc8 17. Nf3 Nxe4 18. fxe5 dxe5 19. Ned4 exd4 20. Bg5 f6 21. Rxe4+ Kf7 22. Bd2 dxc3 23. bxc3 Bc5+ 24.
Kh1 Nb6 25. Re6 Bb7 26. Qe2 Bxd5 27.
Rf1 Re8 28. Ng5+ Kg8 29. Qxh5 fxg5 30. Qf7+ Kh7 31. Qh5+ Kg8 32. Qf7+ Kh7 33. Qh5+ Kg8 34. Qf7+ 1/2-1/2

[Event "*** Titled Tuesday 3|2 Blitz"]
[Site "Chess.com"]
[Date "2015.04.07"]
[Round "2"]
[White "megarompa"]
[Black "Mazetovic"]
[Result "1-0"]
[WhiteElo "2692"]
[BlackElo "2444"]
[TimeControl "180+2"]
[EndTime "11:21:14 PDT"]
[Termination "megarompa won on time"]

1. d4 Nf6 2. Bg5 d5 3. Bxf6 exf6 4. e3 Bd6 5. c4 dxc4 6. Bxc4 O-O 7. Ne2 f5 8. O-O Nd7 9. Nbc3 c6 10. Rc1 Nf6 11.
g3 g6 12. Nf4 Kg7 13. a3 a6 14.
b4 h5 15. Qb3 h4 16. Rfd1 Ng4 17. d5 hxg3 18. hxg3 Rh8 19. Qb2 Rh2 20. dxc6 Rxf2 21. Rd2 Rf3 22. Nce2+ f6 23. cxb7 Qh8 24. Qxf6+ Kxf6 25. Rxd6+ 1-0

[Event "*** Titled Tuesday 3|2 Blitz"]
[Site "Chess.com"]
[Date "2015.04.07"]
[Round "2"]
[White "OIAM03"]
[Black "eltenedor"]
[Result "0-1"]
[WhiteElo "1991"]
[BlackElo "1986"]
[TimeControl "180+2"]
[EndTime "11:21:37 PDT"]
[Termination "eltenedor won by resignation"]

1. e4 d5 2. exd5 Qxd5 3. Nc3 Qd8 4. Nf3 Nf6 5. d4 c6 6. Ne5 e6 7. Be2 Nbd7 8. Nc4 b5 9. Ne5 Nxe5 10. dxe5 Qxd1+ 11. Nxd1 Nd7 12. Bf4 a6 13. Bf3 Bb7 14. a4 b4 15. a5 O-O-O 16. Ne3 c5 17. Bxb7+ Kxb7 18. Nc4 Be7 19. O-O-O Nb8 20. Nd6+ Bxd6 21. exd6 Kc6 22. Rd3 f6 23. Rhd1 e5 24. Be3 Nd7 25. Rd5 Kb5 26. c3 bxc3 27. bxc3 Kc4 28. Kc2 Rb8 29. f4 Rb3 30. Bd2 Rhb8 0-1

[Event "*** Titled Tuesday 3|2 Blitz"]
[Site "Chess.com"]
[Date "2015.04.07"]
[Round "2"]
[White "MattyDPerrine"]
[Black "darkknight123456"]
[Result "1-0"]
[WhiteElo "2200"]
[BlackElo "2046"]
[TimeControl "180+2"]
[EndTime "11:21:49 PDT"]
[Termination "MattyDPerrine won by resignation"]

1. d4 Nf6 2. c4 c5 3. Nf3 cxd4 4.
Nxd4 Nc6 5. Nc3 Qb6 6. Nb3 d6 7. e4 g6 8. Be3 Qd8 9. Be2 Bg7 10. c5 dxc5 11. Qxd8+ Nxd8 12. Bxc5 Nc6 13. Bb5 Bd7 14. f3 a6 15. Be2 O-O-O 16. Na4 Be6 17. O-O Nd7 18.
Nb6+ Kb8 19. Nxd7+ Rxd7 20. Rab1 f5 21. Ba3 b6 22.
Rfd1 Rxd1+ 23. Rxd1 Kb7 24. exf5 gxf5 25. Kf2 Be5 26.
g3 f4 27. Rc1 fxg3+ 28. hxg3 Bd5 29. f4 Bd6 30. Bxd6 exd6 31. Rd1 Bxb3 32. axb3 Kc7 33.
Bf3 Nd4 34. Rxd4 Re8 35. Rc4+ Kb8 36. Rc6 Ka7 37. Rxd6 Rc8 38. Be4 Rc7 39. Bf5 h5 40. Rd7 Rxd7 41. Bxd7 1-0

[Event "*** Titled Tuesday 3|2 Blitz"]
[Site "Chess.com"]
[Date "2015.04.07"]
[Round "2"]
[White "pedromartinez91"]
[Black "bugsbunny444"]
[Result "0-1"]
[WhiteElo "2167"]
[BlackElo "2297"]
[TimeControl "180+2"]
[EndTime "11:21:51 PDT"]
[Termination "bugsbunny444 won by resignation"]

1. e4 e6 2. d4 d5 3. Nd2 Nf6 4.
e5 Nfd7 5. Bd3 c5 6. c3 Nc6 7.
Ne2 cxd4 8. cxd4 f6 9. exf6 Nxf6 10. Nf3 Bd6 11. O-O O-O 12. Bf4 Bxf4 13. Nxf4 Qd6 14.
Ne2 Bd7 15. Ng3 Qb4 16. Rb1 Kh8 17. a3 Qb6 18. Bc2 Rae8 19. Ba4 Nb8 20. Ne5 Bxa4 21. Qxa4 Nc6 22. Nxc6 bxc6 23. Rfc1 Rc8 24. Qd1 c5 25. dxc5 Rxc5 26. Rxc5 Qxc5 27. Qc1 Qb6 28. Qe3 Qxe3 29.
fxe3 Rc8 30. h3 Rc2 31. a4 h5 32. a5 h4 33. Nf1 Ne4 34. b4 Ra2 35. Rc1 Rb2 36. Rc7 Rxb4 37. Rxa7 Rb1 38. Re7 Ng3 39. Rf7 Kg8 40. Rf3 Ra1 41. a6 Nxf1 42. Rxf1 Rxa6 43. Rf4 Ra3 44. Kf2 Ra2+ 45. Kf3 g6 46. Rxh4 Kg7 47. Ra4 Rxa4 48. g3 Ra3 49. h4 d4 0-1

[Event "*** Titled Tuesday 3|2 Blitz"]
[Site "Chess.com"]
[Date "2015.04.07"]
[Round "2"]
[White "Dlugy"]
[Black "Mugzyyy"]
[Result "1-0"]
[WhiteElo "2510"]
[BlackElo "2423"]
[TimeControl "180+2"]
[EndTime "11:22:03 PDT"]
[Termination "Dlugy won by resignation"]

1. d4 Nf6 2. c4 b6 3. f3 Nc6 4. d5 Ne5 5. e4 e6 6. Nc3 Bc5 7. Bg5 h6 8. Bh4 g5 9. Bf2 Ba6 10. Qa4 Qc8 11. Nh3 g4 12. Bxc5 bxc5 13. fxg4 Nfxg4 14. b3 Qb7 15. Be2 Rg8 16. O-O Ne3 17. Rf2 Nc2 18.
Raf1 Nd4 19. Bh5 Rg7 20. Qa3 d6 21. Qc1 O-O-O 22. Qxh6 Rdg8 23. Kh1 Kb8 24. Bxf7 Nxf7 25. Rxf7 Rxf7 26. Rxf7 Qb4 27. Qd2 exd5 28. exd5 Bc8 29.
Nf4 Re8 30. h3 Nf5 31. Kh2 Ne3 32. Nd3 Qa5 33. Rf3 Nf5 34. Ne4 Qa3 35. Ng3 Nd4 36.
Rf2 Rg8 37. Nf4 a5 38. Nge2 Nf5 39. Nc3 Nd4 40. Nb1 Qb4 41. Qxb4+ axb4 42. Nd2 Kb7 43. g4 Bd7 44. Ne4 Kb6 45. Nf6 Rg7 46. Nxd7+ Rxd7 47. Ne6 c6 48. g5 cxd5 49. cxd5 Re7 50.
g6 Nxe6 51. dxe6 Rg7 52. Re2 1-0

[Event "*** Titled Tuesday 3|2 Blitz"]
[Site "Chess.com"]
[Date "2015.04.07"]
[Round "2"]
[White "chillinx"]
[Black "GasconJR"]
[Result "0-1"]
[WhiteElo "2284"]
[BlackElo "2274"]
[TimeControl "180+2"]
[EndTime "11:22:07 PDT"]
[Termination "GasconJR won by resignation"]

1. Nf3 Nf6 2. g3 g6 3. Bg2 Bg7 4. O-O O-O 5. d3 d6 6. e4 e5 7. Nbd2 Re8 8. Re1 Nc6 9. c3 b6 10. Qc2 a5 11. a4 Ba6 12. d4 exd4 13. Nxd4 Ne5 14. c4 Bb7 15. b3 Nfd7 16. Bb2 Nc5 17. Bf1 h5 18. f4 Ng4 19. Bg2 h4 20. h3 Nf6 21. g4 g5 22. f5 Nfd7 23. Re3 Be5 24. Rf1 f6 25. N2f3 Qe7 26. Re2 Qf7 27.
Rfe1 Re7 28. Nb5 Bxb2 29. Qxb2 Ne5 30. Nxe5 Rxe5 31. Nc3 Rae8 32. Nd5 Bxd5 33. exd5 Nd3 34. Rxe5 Rxe5 35. Rxe5 Nxb2 36. Re6 Nd3 37. Bf1 Nc5 38.
Re3 Nd7 39. Kf2 Ne5 40. Be2 Qd7 41. Re4 Qc8 42. Rd4 c6 43. Bf1 b5 44. dxc6 bxa4 45. bxa4 Qxc6 0-1

[Event "*** Titled Tuesday 3|2 Blitz"]
[Site "Chess.com"]
[Date "2015.04.07"]
[Round "2"]
[White "AnastasiaProtopopova"]
[Black "GMBenjaminBok"]
[Result "0-1"]
[WhiteElo "2035"]
[BlackElo "2430"]
[TimeControl "180+2"]
[EndTime "11:22:14 PDT"]
[Termination "GMBenjaminBok won by resignation"]

1. Nf3 g6 2. c4 Bg7 3. Nc3 c5 4. g3 Nc6 5. Bg2 e6 6. O-O Nge7 7. e3 O-O 8. d4 cxd4 9. exd4 d5 10. Be3 dxc4 11. Ne2 a6 12. a4 Bd7 13. Nc3 Na5 14. Ne5 Rc8 15. Qe2 Bc6 16. Rfd1 Bxg2 17. Kxg2 Nd5 18. Ne4 Nb3 19. Rab1 b5 20. axb5 axb5 21.
Nc3 b4 22. Ne4 Qc7 23. Nd2 Nxd2 24. Bxd2 c3 25. bxc3 bxc3 26. Rdc1 Rb8 27. Be1 Rfc8 28. Rxb8 Qxb8 29. Qf3 Bxe5 30. dxe5 Qxe5 31. Qd3 Qg5 32. Bd2 Qxd2 33. Qxd2 cxd2 34. Rxc8+ Kg7 0-1

[Event "*** Titled Tuesday 3|2 Blitz"]
[Site "Chess.com"]
[Date "2015.04.07"]
[Round "2"]
[White "petrpalachev"]
[Black "kesarev"]
[Result "1-0"]
[WhiteElo "2438"]
[BlackElo "2194"]
[TimeControl "180+2"]
[EndTime "11:22:21 PDT"]
[Termination "petrpalachev won by resignation"]

1. d4 g6 2. e4 Bg7 3. c4 d6 4. Nc3 Nf6 5. f3 O-O 6. Be3 b6 7. Bd3 a6 8. e5 Nfd7 9. Be4 Ra7 10. f4 c5 11. Nf3 Bb7 12. Bxb7 Rxb7 13. dxc5 dxe5 14. cxb6 exf4 15. Bxf4 Qxb6 16. Bc1 Ne5 17. Nd5 Qe6 18. Nxe5 Bxe5 19. O-O Nc6 20. Rb1 Qd6 21. Bf4 Qc5+ 22. Kh1 Qxc4 23. Rc1 Qxa2 24. Rxc6 Bxf4 25. Nxf4 Rxb2 26. Qf3 Qb3 27. Nxg6 Qxf3 28.
Nxe7+ Kh8 29. gxf3 Re8 30. Rc8 Rxc8 31. Nxc8 a5 32. Ra1 Rb5 33. Nd6 Rd5 34. Nc4 Rf5 35. Kg2 Rg5+ 36. Kh3 Rh5+ 37. Kg3 Rg5+ 38. Kh4 Rf5 39.
Kg4 Rc5 40. Nxa5 1-0

[Event "*** Titled Tuesday 3|2 Blitz"]
[Site "Chess.com"]
[Date "2015.04.07"]
[Round "2"]
[White "chesstatour"]
[Black "BjarkeSahl"]
[Result "0-1"]
[WhiteElo "1954"]
[BlackElo "2048"]
[TimeControl "180+2"]
[EndTime "11:22:22 PDT"]
[Termination "BjarkeSahl won by resignation"]

1. d4 f5 2. Bg5 d5 3. Nc3 c6 4. Nf3 Be6 5. e3 Nd7 6. Bd3 Ngf6 7. Bxf6 Nxf6 8. Ne5 g6 9. Ne2 Nd7 10. Nf4 Bf7 11.
Nxf7 Kxf7 12. h4 h5 13. f3 Bh6 14. g4 Bxf4 15. exf4 e6 16. Qe2 hxg4 17. fxg4 Rxh4 18. O-O-O Qf6 19. g5 Qh8 20. Qf3 Rg8 21. Rxh4 Qxh4 22. Rh1 Qg4 23. Qxg4 fxg4 24. Rg1 Rh8 25. Rxg4 Rh2 26.
b3 Nb6 27. Rg3 Nc8 28. Kb2 Nd6 29. Rf3 b5 30. a3 a5 31. Kc3 Ne8 32. Kb2 Ng7 33. Kc3 Nh5 34. b4 a4 35. Kb2 Rh4 36. Be2 Rxf4 37. Rc3 Ng3 38. Bd3 Rxd4 39. Rxc6 Nf5 40.
Rc7+ Ke8 41. Rb7 e5 42. Bxf5 gxf5 43. Rxb5 f4 44. Rb6 f3 45. Rf6 e4 46. g6 Rd1 47.
g7 Rg1 48. Rf8+ Ke7 49. g8=Q Rxg8 50. Rxg8 f2 51. Rg7+ Ke6 52. Rg6+ Kf7 53. Rd6 f1=Q 54. Rxd5 e3 0-1

[Event "*** Titled Tuesday 3|2 Blitz"]
[Site "Chess.com"]
[Date "2015.04.07"]
[Round "2"]
[White "Recombinant"]
[Black "esr44"]
[Result "1-0"]
[WhiteElo "2144"]
[BlackElo "2127"]
[TimeControl "180+2"]
[EndTime "11:22:23 PDT"]
[Termination "Recombinant won by checkmate"]

1. e4 c6 2. d4 d5 3. Nc3 dxe4 4.
Nxe4 Bf5 5. Ng3 Bg6 6. h4 h6 7.
N1e2 e6 8. Nf4 Bh7 9. Bd3 Bxd3 10. Qxd3 Nf6 11. Bd2 Bd6 12. O-O-O Qc7 13. Ngh5 Nxh5 14.
Nxh5 Bf8 15. f4 Nd7 16. f5 O-O-O 17. fxe6 fxe6 18. Rhe1 e5 19. dxe5 Nxe5 20. Qf5+ Nd7 21. Bf4 Qb6 22. Rxd7 Rxd7 23. Re8+ Qd8 24. Rxd8+ Kxd8 25.
Qa5+ b6 26. Qc3 Bc5 27. Nxg7 Rg8 28. Ne6+ Kc8 29. Nxc5 bxc5 30. Qxc5 Rg6 31. b3 Kb7 32. Qb4+ Ka6 33. Qc4+ Kb6 34. Be3+ Kb7 35. Qb4+ Kc7 36.
Qa5+ Kc8 37. Qa6+ Kd8 38. Bxa7 Rxg2 39. Bb6+ Ke8 40. Qc8+ Ke7 41. Bc5+ Ke6 42. Qe8+ Kd5 43. Qxd7+ Kxc5 44. Qf5+ Kb6 45. h5 Rg1+ 46. Kb2 Rg8 47.
Qf2+ Kb5 48. a4+ Ka5 49. Qa7+ Kb4 50. c3# 1-0